General information
- name: BNet
- type: Ladder team game (AT/RT)
- host: Battle.net
- saver: thief-fox
map: Deadlock
- players: 8
- length: 22:50
- speed: Fast
- version: 1.26 W3XP
- replay type: Public
» download(181 KB)
Players
team 1 (winner)
IRunHalo3 (
pink | 57 APM | 1308 actions | 22:49)
7 Demon Hunter
3 Mana Burn
3 Evasion
1 Metamorphosis
» actions
| Assign group hotkey | 113 | |
| Basic commands | 110 | |
| Build / train | 89 | |
| Enter build submenu | 28 | |
| Enter hero's abilities submenu | 7 | |
| Remove unit from queue | 2 | |
| Right click | 418 | |
| Select / deselect | 394 | |
| Select group hotkey | 57 | |
| Use ability | 90 | |
1308 total
» units
| Wisp | 32 | |
| Archer | 9 | |
| Hippogryph | 12 | |
| Dryad | 7 | |
| Mountain Giant | 5 | |
65 total
» upgrades
| Strength of the Wild | 3 | |
| Reinforced Hides | 3 | |
| Abolish Magic | 1 | |
| Hardened Skin | 1 | |
| Resistant Skin | 2 | |
| Well Spring | 1 | |
11 total
» buildings
| Moon Well | 10 | |
| Altar of Elders | 1 | |
| Ancient of War | 1 | |
| Ancient of Wonders | 1 | |
| Tree of Ages | 1 | |
| Tree of Life | 3 | |
| Hunter's Hall | 1 | |
| Ancient Protector | 4 | |
| Ancient of Wind | 1 | |
| Tree of Eternity | 1 | |
| Ancient of Lore | 4 | |
28 total
» build order
00:19 Moon Well
00:33 Altar of Elders
00:48 Ancient of War
01:34 Moon Well
02:09 Ancient of Wonders
02:11 Moon Well
03:25 Tree of Ages
04:32 Tree of Life
05:03 Hunter's Hall
05:26 Moon Well
05:58 Tree of Life
06:34 Ancient Protector
06:36 Ancient Protector
07:02 Moon Well
07:40 Ancient of Wind
07:54 Moon Well
08:39 Tree of Eternity
08:54 Moon Well
08:58 Ancient of Lore
09:04 Ancient of Lore
09:18 Ancient of Lore
09:58 Ancient of Lore
10:05 Ancient Protector
12:48 Ancient Protector
13:36 Moon Well
17:09 Moon Well
17:14 Tree of Life
17:17 Moon Well
» items
| Scroll of Town Portal | 1 | |
| Orb of Venom | 1 | |
| Potion of Healing | 1 | |
3 total
ScOrPiO[eS] (
red | 92 APM | 2090 actions | 22:49)
4 Archmage
1 Summon Water Elemental
2 Blizzard
1 Brilliance Aura
4 Mountain King
2 Storm Bolt
2 Thunder Clap
2 Paladin
1 Holy Light
1 Divine Shield
» actions
| Assign group hotkey | 34 | |
| Basic commands | 268 | |
| Build / train | 98 | |
| Enter build submenu | 26 | |
| Enter hero's abilities submenu | 10 | |
| Remove unit from queue | 2 | |
| Right click | 310 | |
| Select / deselect | 565 | |
| Select group hotkey | 716 | |
| Use ability | 61 | |
2090 total
» units
| Peasant | 18 | |
| Footman | 12 | |
| Rifleman | 10 | |
| Razormane Medicine Man | 1 | |
| Spell Breaker | 5 | |
| Flying Machine | 7 | |
| Siege Engine | 3 | |
56 total
» upgrades
| Defend | 1 | |
| Plating | 1 | |
| Gunpowder | 3 | |
| Long Rifles | 1 | |
| Control Magic | 1 | |
| Barrage | 1 | |
| Armor | 3 | |
| Flak Cannons | 1 | |
12 total
» buildings
| Altar of Kings | 1 | |
| Farm | 13 | |
| Barracks | 2 | |
| Lumber Mill | 1 | |
| Arcane Vault | 1 | |
| Town Hall | 1 | |
| Scout Tower | 4 | |
| Arcane Tower | 1 | |
| Guard Tower | 3 | |
| Blacksmith | 1 | |
| Keep | 2 | |
| Workshop | 1 | |
| Arcane Sanctum | 1 | |
| Castle | 1 | |
33 total
» build order
00:08 Altar of Kings
00:21 Farm
00:51 Barracks
00:58 Farm
01:30 Farm
02:04 Lumber Mill
02:09 Arcane Vault
02:17 Farm
03:47 Town Hall
03:52 Scout Tower
03:54 Scout Tower
04:24 Arcane Tower
04:50 Scout Tower
04:55 Guard Tower
05:26 Guard Tower
05:27 Scout Tower
05:47 Barracks
05:51 Blacksmith
06:53 Keep
06:54 Keep
06:57 Farm
07:01 Farm
07:03 Farm
07:03 Farm
07:05 Guard Tower
09:01 Farm
09:02 Farm
09:03 Farm
09:58 Workshop
10:02 Arcane Sanctum
10:28 Castle
12:22 Farm
13:50 Farm
» items
| Scroll of Regeneration | 3 | |
| Scroll of Town Portal | 3 | |
| Potion of Healing | 1 | |
7 total

»
olive_party (
yellow | 55 APM | 1255 actions | 22:49)
4 Mountain King
2 Storm Bolt
2 Bash
2 Paladin
1 Holy Light
1 Divine Shield
» actions
| Assign group hotkey | 20 | |
| Build / train | 65 | |
| Enter build submenu | 26 | |
| Enter hero's abilities submenu | 6 | |
| Remove unit from queue | 1 | |
| Right click | 483 | |
| Select / deselect | 249 | |
| Select group hotkey | 345 | |
| Use ability | 60 | |
1255 total
» units
| Peasant | 8 | |
| Footman | 3 | |
| Rifleman | 4 | |
| Siege Engine | 4 | |
| Knight | 3 | |
22 total
» upgrades
| Gunpowder | 3 | |
| Plating | 3 | |
| Lumber Harvesting | 2 | |
| Masonry | 3 | |
| Swords | 3 | |
| Barrage | 1 | |
| Armor | 2 | |
| Animal War Training | 1 | |
18 total
» buildings
| Altar of Kings | 1 | |
| Farm | 8 | |
| Scout Tower | 5 | |
| Barracks | 2 | |
| Lumber Mill | 1 | |
| Blacksmith | 1 | |
| Guard Tower | 4 | |
| Arcane Vault | 1 | |
| Keep | 1 | |
| Workshop | 2 | |
| Castle | 1 | |
| Town Hall | 1 | |
28 total
» build order
00:09 Altar of Kings
00:17 Farm
01:05 Scout Tower
01:22 Barracks
01:38 Lumber Mill
02:13 Farm
02:41 Blacksmith
02:54 Farm
03:13 Guard Tower
03:19 Scout Tower
03:37 Farm
04:07 Arcane Vault
04:14 Guard Tower
04:22 Keep
05:16 Scout Tower
05:57 Farm
06:57 Workshop
06:58 Castle
07:11 Guard Tower
07:56 Workshop
10:25 Scout Tower
10:29 Scout Tower
11:07 Guard Tower
11:10 Farm
16:16 Barracks
17:26 Farm
19:46 Town Hall
22:28 Farm
» items
| Scroll of Regeneration | 2 | |
| Lesser Clarity Potion | 1 | |
| Scroll of Town Portal | 2 | |
| Potion of Healing | 4 | |
| Orb of Venom | 1 | |
10 total

»
thief-fox (
blue | 62 APM | 1414 actions | 22:50)
5 Dreadlord
3 Sleep
2 Carrion Swarm
» actions
| Assign group hotkey | 34 | |
| Basic commands | 1 | |
| Build / train | 49 | |
| Enter build submenu | 17 | |
| Enter hero's abilities submenu | 5 | |
| Give item / drop item | 1 | |
| Right click | 634 | |
| Select / deselect | 231 | |
| Select group hotkey | 382 | |
| Use ability | 60 | |
1414 total
» units
| Acolyte | 8 | |
| Ghoul | 3 | |
| Banshee | 13 | |
| Obsidian Statue | 1 | |
25 total
» upgrades
» buildings
| Crypt | 1 | |
| Ziggurat | 9 | |
| Altar of Darkness | 1 | |
| Nerubian Tower | 1 | |
| Graveyard | 1 | |
| Halls of the Dead | 1 | |
| Tomb of Relics | 1 | |
| Spirit Tower | 5 | |
| Temple of the Damned | 2 | |
| Black Citadel | 2 | |
| Slaughterhouse | 1 | |
| Necropolis | 1 | |
26 total
» build order
00:09 Crypt
00:13 Ziggurat
00:42 Ziggurat
00:43 Altar of Darkness
00:55 Ziggurat
02:01 Nerubian Tower
02:08 Graveyard
02:33 Halls of the Dead
03:07 Ziggurat
03:20 Ziggurat
03:53 Tomb of Relics
04:05 Spirit Tower
04:08 Spirit Tower
04:15 Spirit Tower
05:09 Temple of the Damned
05:16 Temple of the Damned
06:25 Black Citadel
08:02 Slaughterhouse
08:52 Ziggurat
08:54 Ziggurat
09:49 Spirit Tower
09:52 Spirit Tower
15:48 Necropolis
21:54 Ziggurat
» items
| Staff of Teleportation | 1 | |
| Boots of Speed | 1 | |
| Potion of Healing | 1 | |
| Scroll of Town Portal | 3 | |
| Orb of Corruption | 1 | |
7 total
team 2 (loser)
KILLAx (
orange | 114 APM | 2605 actions | 22:49)
7 Blademaster
3 Wind Walk
3 Critical Strike
1 Bladestorm
» actions
| Assign group hotkey | 32 | |
| Basic commands | 28 | |
| Build / train | 75 | |
| Enter build submenu | 16 | |
| Enter hero's abilities submenu | 7 | |
| Remove unit from queue | 1 | |
| Right click | 1056 | |
| Select / deselect | 346 | |
| Select group hotkey | 973 | |
| Use ability | 71 | |
2605 total
» units
» upgrades
| Armor | 3 | |
| Ranged Weapons | 3 | |
| Envenomed Spears | 1 | |
| Reinforced Defenses | 1 | |
8 total
» buildings
| Altar of Storms | 1 | |
| Orc Burrow | 8 | |
| Barracks | 1 | |
| Stronghold | 1 | |
| Great Hall | 1 | |
| Voodoo Lounge | 1 | |
| Beastiary | 3 | |
| War Mill | 1 | |
| Fortress | 1 | |
18 total
» build order
00:16 Altar of Storms
00:36 Orc Burrow
00:52 Barracks
01:33 Orc Burrow
02:51 Stronghold
03:46 Orc Burrow
04:23 Great Hall
04:47 Voodoo Lounge
05:15 Beastiary
05:19 Beastiary
05:53 War Mill
06:30 Fortress
06:36 Orc Burrow
09:01 Orc Burrow
09:37 Orc Burrow
13:18 Orc Burrow
15:58 Beastiary
16:19 Orc Burrow
» items
| Healing Salve | 5 | |
| Boots of Speed | 1 | |
| Orb of Lightning | 1 | |
| Potion of Healing | 2 | |
| Potion of Mana | 1 | |
| Lesser Clarity Potion | 2 | |
| Scroll of Town Portal | 1 | |
13 total
Mecha-Streisand (
teal | 57 APM | 1228 actions | 21:23)
2 Death Knight
1 Death Coil
1 Unholy Aura
2 Lich
1 Frost Nova
1 Frost Armor
» actions
| Assign group hotkey | 43 | |
| Basic commands | 2 | |
| Build / train | 42 | |
| Enter build submenu | 18 | |
| Enter hero's abilities submenu | 4 | |
| Remove unit from queue | 1 | |
| Right click | 529 | |
| Select / deselect | 258 | |
| Select group hotkey | 294 | |
| Use ability | 37 | |
1228 total
» units
| Acolyte | 10 | |
| Ghoul | 6 | |
| Crypt Fiend | 8 | |
| Obsidian Statue | 1 | |
25 total
» upgrades
» buildings
| Graveyard | 1 | |
| Crypt | 1 | |
| Ziggurat | 8 | |
| Altar of Darkness | 1 | |
| Tomb of Relics | 3 | |
| Halls of the Dead | 1 | |
| Spirit Tower | 4 | |
| Slaughterhouse | 2 | |
21 total
» build order
00:09 Graveyard
00:17 Crypt
00:43 Ziggurat
00:59 Altar of Darkness
01:57 Ziggurat
02:51 Tomb of Relics
03:38 Ziggurat
04:31 Halls of the Dead
06:42 Tomb of Relics
07:04 Spirit Tower
08:58 Spirit Tower
09:03 Slaughterhouse
10:34 Tomb of Relics
10:41 Ziggurat
11:10 Ziggurat
11:34 Spirit Tower
12:10 Spirit Tower
12:15 Slaughterhouse
13:18 Ziggurat
13:19 Ziggurat
14:14 Ziggurat
» items
| Sacrificial Skull | 1 | |
| Scroll of Town Portal | 1 | |
2 total
P_Penguin (
purple | 35 APM | 764 actions | 21:50)
3 Death Knight
2 Death Coil
1 Unholy Aura
1 Dreadlord
1 Vampiric Aura
» actions
| Build / train | 48 | |
| Enter build submenu | 20 | |
| Enter hero's abilities submenu | 4 | |
| Remove unit from queue | 1 | |
| Right click | 332 | |
| Select / deselect | 318 | |
| Use ability | 41 | |
764 total
» units
| Acolyte | 9 | |
| Ghoul | 9 | |
| Abomination | 10 | |
| Meatwagon | 1 | |
29 total
» upgrades
| Disease Cloud | 1 | |
| Unholy Strength | 1 | |
| Unholy Armor | 2 | |
4 total
» buildings
| Altar of Darkness | 1 | |
| Crypt | 2 | |
| Ziggurat | 8 | |
| Nerubian Tower | 3 | |
| Halls of the Dead | 1 | |
| Graveyard | 1 | |
| Black Citadel | 1 | |
| Slaughterhouse | 3 | |
| Spirit Tower | 2 | |
| Tomb of Relics | 1 | |
23 total
» build order
00:04 Altar of Darkness
00:10 Crypt
00:16 Ziggurat
01:06 Crypt
01:35 Ziggurat
02:40 Nerubian Tower
03:18 Halls of the Dead
03:33 Ziggurat
03:56 Graveyard
06:42 Black Citadel
07:01 Slaughterhouse
07:54 Slaughterhouse
08:06 Ziggurat
09:41 Ziggurat
10:10 Spirit Tower
12:05 Slaughterhouse
12:24 Ziggurat
12:25 Ziggurat
12:31 Tomb of Relics
12:54 Nerubian Tower
13:28 Spirit Tower
16:41 Nerubian Tower
18:40 Ziggurat
» items
Andrew_Luck (
green | 34 APM | 709 actions | 21:08)
3 Death Knight
2 Death Coil
1 Unholy Aura
3 Dark Ranger
2 Life Drain
1 Black Arrow
» actions
| Basic commands | 1 | |
| Build / train | 54 | |
| Enter build submenu | 26 | |
| Enter hero's abilities submenu | 8 | |
| Right click | 379 | |
| Select / deselect | 194 | |
| Use ability | 47 | |
709 total
» units
| Acolyte | 10 | |
| Ghoul | 6 | |
| Crypt Fiend | 12 | |
| Frost Wyrm | 4 | |
32 total
» upgrades
| Web | 1 | |
| Creature Carapace | 1 | |
| Creature Attack | 1 | |
| Freezing Breath | 1 | |
4 total
» buildings
| Altar of Darkness | 1 | |
| Ziggurat | 12 | |
| Crypt | 1 | |
| Graveyard | 1 | |
| Tomb of Relics | 2 | |
| Halls of the Dead | 1 | |
| Necropolis | 1 | |
| Black Citadel | 1 | |
| Spirit Tower | 3 | |
| Sacrificial Pit | 1 | |
| Boneyard | 3 | |
27 total
» build order
00:12 Altar of Darkness
00:15 Ziggurat
00:36 Crypt
00:59 Graveyard
01:14 Tomb of Relics
01:52 Ziggurat
04:18 Ziggurat
05:46 Halls of the Dead
06:59 Necropolis
07:10 Tomb of Relics
07:14 Ziggurat
07:18 Ziggurat
07:21 Ziggurat
09:00 Black Citadel
09:34 Spirit Tower
10:04 Spirit Tower
12:10 Sacrificial Pit
13:21 Boneyard
13:25 Boneyard
13:30 Boneyard
15:40 Ziggurat
15:53 Ziggurat
15:56 Ziggurat
17:30 Ziggurat
17:36 Ziggurat
17:39 Ziggurat
17:46 Spirit Tower
» items
| Rod of Necromancy | 1 | |
| Scroll of Town Portal | 3 | |
| Potion of Healing | 1 | |
5 total
Chat log
(00:09 / All) KILLAx: lol
(00:13 / All) KILLAx: 1v1 me in halo
(00:16 / All) IRunHalo3: word
(00:17 / All) ScOrPiO[eS]: sure
(00:24 / All) P_Penguin: nigga u wot m8?
(00:24 / All) IRunHalo3: Add Trixity
(00:33 / All) KILLAx: lol
(00:37 / All) thief-fox: i want to play some good shooters for PC. there is none out there tho
(00:40 / All) KILLAx: im retired
(00:41 / All) Mecha-Streisand: add im not beastly
(00:45 / All) IRunHalo3: same
(00:53 / All) IRunHalo3: halo 4 coming out
(00:58 / All) KILLAx: i tihkn its gonna suck
(01:01 / All) KILLAx: like reach
(01:03 / All) IRunHalo3: too reachy*
(01:06 / All) KILLAx: ya
(01:07 / All) IRunHalo3: yeah haha
(01:12 / All) KILLAx: lookin foward to black ops zombies
(01:12 / All) KILLAx: lol
(01:14 / All) P_Penguin: they changed most of the things that made reach shit though
(01:23 / All) IRunHalo3: powers are gay like call of duty
(01:24 / All) P_Penguin: got rid of almost all of them
(01:26 / All) Mecha-Streisand: yea im fukn retired bro
(01:28 / All) Mecha-Streisand: stfu
(01:35 / All) IRunHalo3: why so mad faggot?
(01:37 / All) thief-fox: ive only played halo 3 and the campaign is supposed to be the best in the series and it sucked
(01:38 / All) KILLAx: teal...
(01:47 / All) Mecha-Streisand: never played the game.. hatin already
(01:50 / All) KILLAx: when u play the same ppl every game
(01:50 / All) Mecha-Streisand: u really run shit
(01:52 / All) IRunHalo3: 1st was best campaign haha
(01:53 / All) KILLAx: it gets boring
(02:03 / All) IRunHalo3: you're 12 stfu
(02:22 / All) Mecha-Streisand: and playin a 10 year old game isnt boring?
(02:24 / All) IRunHalo3: i run your moms pussy cunt
(02:33 / All) P_Penguin: but this game's actually good
(02:34 / All) Mecha-Streisand: nice.. bet that was tight
(02:42 / All) Mecha-Streisand: i busted that shit when i came through
(02:44 / All) IRunHalo3: so tight
(02:52 / All) IRunHalo3: i wrecked her
(02:56 / All) thief-fox: can we all get along plz? warcraft 3 used to be a game with no profanity back in the day
(02:59 / All) Mecha-Streisand: already wrecked
(03:06 / All) P_Penguin: i hear ya blue
(03:09 / All) IRunHalo3: nah my massive cock raped her
(03:14 / All) Mecha-Streisand: nice bolt
(03:18 / All) IRunHalo3: word
(03:20 / All) Mecha-Streisand: really got me
(03:27 / All) IRunHalo3: alwas
(05:28 / Allies) IRunHalo3: dryads/giants
(05:31 / All) Mecha-Streisand: bitch
(05:35 / All) IRunHalo3: nice mh
(05:38 / Allies) ScOrPiO[eS]: cancel
(05:40 / All) Mecha-Streisand: :)
(06:06 / All) thief-fox: rg3 #1
(06:10 / All) KILLAx: \
(06:11 / All) KILLAx: ;p;
(06:12 / All) KILLAx: lol
(06:13 / All) P_Penguin: tom brady > rg3
(06:18 / All) KILLAx: too bad the giants are in their division
(06:19 / All) KILLAx: giants $2
(06:20 / All) KILLAx: #
(06:22 / All) KILLAx: #1
(06:40 / All) P_Penguin: welp. i cant respond there. cause you fuckers beat me in 2 bowls
(06:49 / Allies) IRunHalo3: faggot has a maphack
(06:52 / All) KILLAx: hahaha
(06:55 / All) KILLAx: i like brady
(07:04 / All) P_Penguin: i respect eli
(07:06 / All) thief-fox: i hate cutler so much
(07:09 / All) thief-fox: such a baby
(07:10 / All) KILLAx: ya
(07:11 / All) P_Penguin: WHY.
(07:16 / All) P_Penguin: HES LITERALLY GETTING FUCKED
(07:21 / All) KILLAx: thats true lmfao
(07:23 / All) thief-fox: by urlacher?
(07:28 / All) Mecha-Streisand: good hit on acys when im 5 secs away from t2
(07:29 / All) KILLAx: his o line
(07:32 / All) P_Penguin: he has NO Oline
(08:25 / All) thief-fox: ambushed teal
(08:31 / All) IRunHalo3: like a boss
(10:58 / All) olive_party: unlcuky
(10:59 / All) Mecha-Streisand: he scream mh
(11:19 / Allies) IRunHalo3: all tp
(11:20 / All) Mecha-Streisand: i check hs expo.. mh automatically
(11:27 / All) Mecha-Streisand: hit me yello
(11:30 / All) Mecha-Streisand: bring it bitch
(11:46 / Allies) IRunHalo3: blue ?
(11:55 / Allies) thief-fox: possessed abom
(12:58 / All) thief-fox: u like that pro possessing huh purp
(13:06 / All) P_Penguin: i couldnt believe it
(13:06 / All) Mecha-Streisand: real pro
(13:09 / All) P_Penguin: you found my expo!
(13:27 / All) thief-fox: i am the little brother of the god of 4v4rt, the legendary kodos_Forsaken
(13:29 / All) thief-fox: i would be jealous too
(13:38 / All) IRunHalo3: who is that?
(14:00 / All) olive_party: green, teal needs ur help again...
(14:02 / All) olive_party: sorry
(14:16 / Allies) ScOrPiO[eS]: pink come
(14:22 / Allies) IRunHalo3: should i tp?
(14:35 / Allies) IRunHalo3: ?
(14:37 / Allies) thief-fox: hall teal
(14:38 / Allies) thief-fox: then tp
(14:40 / Allies) IRunHalo3: blue
(14:42 / Allies) IRunHalo3: u tp?"
(14:45 / All) Mecha-Streisand: real pro with that bolt
(15:24 / Allies) thief-fox: my base gone
(15:33 / All) olive_party: sry tel
(15:39 / Allies) olive_party: U suck dockey dick
(15:40 / All) Mecha-Streisand: sorry for wat?
(15:49 / All) Mecha-Streisand: 3v1.. was i supposed to win?
(15:57 / All) olive_party: the storm bolt
(16:05 / All) Mecha-Streisand: oh.. yea u bolt like a pro
(16:09 / Allies) thief-fox: tp at pink?
(16:16 / All) Mecha-Streisand: green 2k gold cant share
(16:25 / All) P_Penguin: 2k gold...
(16:30 / Allies) olive_party: tp to pinl
(16:56 / Allies) IRunHalo3: get tps
(17:00 / Allies) thief-fox: gold
(17:39 / All) olive_party: hi again
(17:43 / Allies) ScOrPiO[eS]: waiot for me
(17:43 / All) Mecha-Streisand: herro
(17:48 / Allies) IRunHalo3: coming
(17:48 / All) Mecha-Streisand: if i pink i scream mh
(18:01 / Allies) IRunHalo3: blue aco
(18:10 / Allies) thief-fox: yea i did it to save one
(18:19 / Allies) thief-fox: 100 g
(18:39 / All) Mecha-Streisand: bolt that
(18:47 / All) olive_party: oj doing ur work
(18:49 / All) olive_party: as is green
(18:53 / All) olive_party: Show me something teal
(18:57 / Allies) IRunHalo3: blue aco
(18:59 / All) Mecha-Streisand: ud goin frosts so typical
(19:05 / All) Mecha-Streisand: i never go frosts.. op to max
(19:10 / Allies) ScOrPiO[eS]: don't split up
(19:12 / All) Mecha-Streisand: so is bolt...
(20:48 / All) IRunHalo3: GET RAPED NOOBS
(20:56 / All) IRunHalo3: suck it faggots
(21:06 / All) olive_party: here comes the boom
(21:14 / All) IRunHalo3: bye noobs
(21:18 / All) olive_party: later teal
(21:20 / All) olive_party: that was fun
(21:29 / All) IRunHalo3: bye faggot
(21:29 / All) thief-fox: my banshees were the mvp
(21:49 / All) P_Penguin: shoutouts to oj for being the only other person on this team with units
(22:21 / All) thief-fox: u could use a sh for nuking oj
(22:32 / All) KILLAx: ;lol
(22:35 / All) KILLAx: i know..
(22:47 / All) KILLAx: im on my bad comptuer dontfeel like using 2
(22:48 / All) KILLAx: heroes
(22:48 / All) KILLAx: gg